AoeStats
← HIX | Leo Mattioli

Arabia

505583467Analyzed
3v3 RM · 23d ago on Sep 10, 2026· 44m 21s· 6 players
Game mode
Random Map
Map size
Normal (6 player)
Population
200
Speed
Normal
Resources
Standard
Victory
Conquest
Starting age
Dark Age
Ending age
Imperial Age
RankedLock teamsTeams togetherTeam positionsShared explorationLock speedFull tech treeHidden civsTurbo modeCheats
Victory
Defeat
🇨🇴 Byzantines · Colombia
1581
+10
🇨🇴 Shu · Colombia
1524
+13
🇨🇴 Goths · Colombia
1356
+19
🇦🇷 Franks · Argentina
1534
-18
🇦🇷 Bengalis · Argentina
1430
-13
🇨🇴 Inca · Colombia
1372
-11
HIX | Joako
6:27 Loom
9:11 Feudal Age
9:43 Double-Bit Axe
22:38 Scale Barding Armor
27:51 Castle Age
27:54 Forging
27:55 Light Cavalry
29:12 Chain Barding Armor
34:44 Wheelbarrow
37:53 Gold Mining
38:48 Husbandry
HIX | Leo Mattioli
6:14 Loom
9:25 Feudal Age
10:02 Double-Bit Axe
12:13 Fletching
15:49 Padded Archer Armor
22:48 Castle Age
22:36 Horse Collar
22:54 Gold Mining
23:40 Bodkin Arrow
23:06 Crossbowman
24:19 Leather Archer Armor
26:33 Ballistics
27:53 Bow Saw
37:31 Bloodlines
Milongo
9:50 Feudal Age
10:21 Feudal Age
8:36 Loom
12:59 Town Watch
16:09 Castle Age
15:00 Double-Bit Axe
15:01 Horse Collar
15:42 Gold Mining
15:41 Champi Runner
17:48 Scale Mail Armor
18:28 Champi Warrior
23:11 Squires
25:39 Chain Mail Armor
25:43 Forging
29:42 Iron Casting
29:25 Arson
30:26 Wheelbarrow
33:42 Bow Saw
33:35 Heavy Plow
33:30 Stone Mining
41:04 Hand Cart
44:11 Imperial Age
43:50 Gold Shaft Mining
44:06 Town Patrol
VLC | GreenIsland
6:54 Loom
9:20 Feudal Age
10:26 Double-Bit Axe
15:08 Fletching
16:01 Horse Collar
24:29 Castle Age
24:32 Padded Archer Armor
24:40 Crossbowman
25:16 Bodkin Arrow
26:19 Thumb Ring
26:29 Bow Saw
28:21 Gold Mining
31:31 Squires
32:14 Leather Archer Armor
34:04 Ballistics
37:45 Imperial Age
39:36 Bracer
40:53 Arbalester
43:42 Chemistry
44:41 Ring Archer Armor
Bluskita
4:18 Loom
10:03 Feudal Age
13:43 Double-Bit Axe
17:00 Horse Collar
19:22 Scale Barding Armor
20:06 Forging
22:27 Gold Mining
26:10 Castle Age
27:20 Chain Barding Armor
27:21 Bloodlines
27:13 Husbandry
27:55 Iron Casting
34:04 Wheelbarrow
33:48 Fletching
36:09 Stone Mining
38:17 Heavy Plow
43:00 Bow Saw
45:38 Imperial Age
43:12 Anarchy
43:40 Squires
43:36 Bodkin Arrow
44:53 Scale Mail Armor
VLC | SnowBall
6:06 Loom
6:18 Loom
9:13 Feudal Age
9:47 Double-Bit Axe
13:47 Fletching
15:53 Padded Archer Armor
16:53 Horse Collar
23:13 Castle Age
23:49 Bodkin Arrow
23:17 Crossbowman
24:03 Gold Mining
25:12 Ballistics
26:10 Leather Archer Armor
33:09 Wheelbarrow
32:47 Bow Saw
32:40 Heavy Plow
34:04 Elite Skirmisher
38:10 Imperial Age
38:54 Bracer
39:57 Chemistry
38:18 Arbalester
45:12 Ring Archer Armor
Connection lost

Rejoining the realm…

Still unreachable

The connection could not be restored.

Session expired

The server has moved on; the page needs a fresh start.